 Dungeon Crawl Stone Soup version 0.28.0 (webtiles) character file.

Game seed: 15169673453222709934

3 RascalDebosk the Grave Robber (level 1, -3/13 HPs)
             Began as a Demonspawn Necromancer on Feb 13, 2022.
             Slain by an adder (5 damage)
             ... on level 2 of the Dungeon.
             The game lasted 00:03:45 (282 turns).

RascalDebosk the Grave Robber (DsNe)                 Turns: 282, Time: 00:03:46

Health: -3/13      AC:  2    Str:  8    XL:     1   Next: 41%
Magic:  0/3        EV: 12    Int: 16    God:
Gold:   21         SH:  0    Dex: 13    Spells: 2/4 levels left

rFire   . . .      SeeInvis .   (no weapon)
rCold   . . .      Faith    .   (no shield)
rNeg    . . .      Spirit   .   a - +0 robe
rPois   .          Reflect  .   (no helmet)
rElec   .          Harm     .   (no cloak)
rCorr   .          Rampage  .   (no gloves)
Will    .....                   (no boots)
Stlth   ++........              (no amulet)
HPRegen 0.04/turn               (no ring)
MPRegen 0.08/turn               (no ring)

@: no status effects
A: no striking features
a: no special abilities


You were on level 2 of the Dungeon.
You visited 1 branch of the dungeon, and saw 2 of its levels.

You collected 21 gold pieces.

Inventory:

Armour
 a - a +0 robe (worn)
Jewellery
 b - an amulet of faith


   Skills:
 + Level 0.1 Fighting
 + Level 0.0 Short Blades
 + Level 1.8 Dodging
 * Level 1.8 Stealth
 * Level 2.0 Spellcasting
 * Level 4.4 Necromancy


You had 2 spell levels left.
You knew the following spells:

 Your Spells              Type           Power      Damage    Failure   Level
a - Pain                  Necr           60%        1d7       3%          1
b - Animate Skeleton      Necr           30%        N/A       3%          1

Your spell library contained the following spells:

 Spells                   Type           Power      Damage    Failure   Level
 Vampiric Draining        Necr           15%        2d7       10%         3
 Animate Dead             Necr           7%         N/A       32%         4
 Agony                    Necr           15%        N/A       67%         5


Dungeon Overview and Level Annotations

Branches:
Dungeon (2/15)

Altars:


Message History

Found a stone staircase leading up.
Found a mace.
Found a stone staircase leading up.
A dart slug comes into view.
A hobgoblin comes into view.
The hobgoblin shouts!
You hear a shout!
The dart slug launches a dart at you. The slug dart hits you.
Aiming: Pain (safe; 3% risk of failure)
Press: ? - help, Q - select action, (/) - cycle Shift-Dir - straight line, f - you
Okay, then.
The dart slug launches a dart at you. The slug dart hits you.
Aiming: Pain (safe; 3% risk of failure)
Press: ? - help, Q - select action, (/) - cycle Shift-Dir - straight line, f - hobgoblin
Aim: a hobgoblin (chance to affect: 85%)
The hobgoblin writhes in agony.
Aiming: Pain (safe; 3% risk of failure)
Press: ? - help, Q - select action, (/) - cycle Shift-Dir - straight line, f/p - hobgoblin
Aim: a hobgoblin (moderately wounded, chance to affect: 85%)
The hobgoblin barely resists.
Aiming: Pain (safe; 3% risk of failure)
Press: ? - help, Q - select action, (/) - cycle Shift-Dir - straight line, f/p - hobgoblin
Aim: a hobgoblin (moderately wounded, chance to affect: 85%)
The hobgoblin writhes in agony.
You kill the hobgoblin!
You start resting.
A goblin is nearby!
An adder comes into view.
Aiming: Pain (safe; 3% risk of failure)
Press: ? - help, Q - select action, (/) - cycle Shift-Dir - straight line, f - goblin
Aim: a goblin, wielding a +0 club (chance to affect: 85%)
The goblin barely resists.
The goblin hits you but does no damage.
Found an escape hatch in the ceiling.
The adder hisses angrily.
A hobgoblin comes into view.
The adder bites you but does no damage. The adder bites you.
You die...

########## #........# #
#. #........# #. .#
#........# #.###.
#........########.....
#....@S.....w...#....#
#.....g..######.#..#..
........................
........................
#.#..<...............#.#
g..............##w.#.#.#
#....###......<#...#.#.#
..#.. ........#...#.#.#
......!.....#.#


You could see an adder, a dart slug, a hobgoblin (wandering) and a goblin.

Vanquished Creatures
  A hobgoblin (D:2)
  A ball python (D:1)
  A rat (D:2)
3 creatures vanquished.

Vanquished Creatures (collateral kills)
  A rat (D:1)
1 creature vanquished.

Vanquished Creatures (others)
  A plant (D:1)
1 creature vanquished.

Grand Total: 5 creatures vanquished

Notes
Turn   | Place    | Note
-------+----------+-------------------------------------------
     0 | D:1      | RascalDebosk the Demonspawn Necromancer began the quest for
                  | the Orb.
     0 | D:1      | Reached XP level 1. HP: 13/13 MP: 3/3
   118 | D:1      | Learned a level 1 spell: Animate Skeleton
   145 | D:1      | You fall into a shaft and drop 1 floor!
   282 | D:2      | Slain by an adder

Illustrated notes

Levels and vault maps discovered:
D:1:      wander_arrival_fairy_ring, layout_loops_ring,
          ebering_ecumenical_altar_hall
D:2:      layout_basic

Action                   || total
-------------------------++-------
Melee: Unarmed           ||     5
 Cast: Pain              ||     8
       Animate Skeleton  ||     1
Armor: Robe              ||     2
